 Dungeon Crawl Stone Soup version 0.30.1-3-gfc49f6343a (webtiles) character file.

Game seed: 13475529856846160398

603 Heoruswealwe the Magician (level 7, -1/36 HPs)
             Began as a Deep Elf Conjurer on July 21, 2023.
             Slain by a mummy (15 damage)
             ... in an ossuary.
             The game lasted 00:39:22 (3172 turns).

Heoruswealwe the Magician (Deep Elf Conjurer)       Turns: 3172, Time: 00:39:27

Health: -1/36      AC:  4    Str:  4    XL:     7   Next: 18%
Magic:  8/20       EV: 12    Int: 25    God:
Gold:   129        SH:  5    Dex: 13    Spells: 7/21 levels left

rFire   . . .        b - +1 scythe (freeze)
rCold   . . .        (shield currently unavailable)
rNeg    . . .        c - +0 robe
rPois   .            g - +0 helmet
rElec   .            (no cloak)
rCorr   .            (no gloves)
SInv    .            e - +0 pair of boots
Will    .....        i - amulet of reflection
Stlth   ++           k - ring of flight
HPRegen 0.26/turn    (no ring)
MPRegen 0.17/turn

%: reflection
@: mighty, marked, flying
A: no striking features
a: no special abilities


You were in an ossuary.
You visited 1 branch of the dungeon, and saw 5 of its levels.
You also visited: Sewer and Ossuary.

You collected 129 gold pieces.

Inventory:

Hand Weapons
 b - a +1 scythe of freezing (weapon)
 r - a +0 war axe
Armour
 c - a +0 robe (worn)
 e - a +0 pair of boots (worn)
 g - a +0 helmet (worn)
Jewellery
 i - an amulet of reflection (around neck)
 k - a ring of flight (left hand)
Wands
 a - a wand of roots (4)
 p - a wand of charming (7)
 s - a wand of polymorph (9)
Scrolls
 f - a scroll of immolation
 j - a scroll of summoning {unknown}
 q - a scroll of enchant armour
 t - 4 scrolls of fear
 u - a scroll of fog {unknown}
 v - a scroll of enchant weapon {unknown}
Potions
 d - 2 potions of curing {unknown}
 l - a potion of berserk rage {unknown}
 m - 2 potions of degeneration {unknown}
 o - a potion of attraction {unknown}
 w - a potion of heal wounds
 x - a potion of resistance {unknown}


   Skills:
 - Level 2.4 Dodging
 - Level 2.4 Stealth
 + Level 7.8 Spellcasting
 + Level 7.4 Conjurations


You had 7 spell levels left.
You knew the following spells:

 Your Spells              Type           Power      Damage    Failure   Level
a - Magic Dart            Conj           100%       1d8       1%          1
b - Searing Ray           Conj           94%        2d7       1%          2
c - Dazzling Flash        Conj/Hex       56%        N/A       4%          3
d - Fulminant Prism       Conj/Hex       14%        3d8       13%         4
e - Iskenderun's Mystic   Conj/Tloc      28%        2d7       13%         4

Your spell library contained the following spells:

 Spells                   Type           Power      Damage    Failure   Level


Dungeon Overview and Level Annotations

Branches:
Dungeon (6/15)             Temple (0/1) D:6           Sewer (visited)
Ossuary (1/1)

Altars:
The Shining One


Message History

The mummy is moderately damaged. (Press . to maintain the ray.)
The centaur zombie closely misses you.
The centaur zombie kicks you but does no damage.
The centaur zombie fails to trigger a net trap.
You feel very mighty all of a sudden.
The centaur zombie completely misses you.
The centaur zombie kicks you but does no damage.
The centaur zombie hits you. The centaur zombie misses you.
You puncture the centaur zombie! You freeze the centaur zombie.
The centaur zombie is almost destroyed.
The centaur zombie hits you but does no damage.
The centaur zombie closely misses you. The centaur zombie hits you.
The centaur zombie kicks you but does no damage.
The centaur zombie hits you but does no damage.
The centaur zombie kicks you but does no damage.
The mummy fails to trigger a net trap.
You puncture the centaur zombie!
You destroy the centaur zombie!
You hit the mummy.
The mummy is severely damaged.
You block the mummy's attack.
You barely miss the mummy.
The mummy is severely damaged.
The centaur zombie barely misses you. x2; The mummy barely misses you.
The mummy hits you. The centaur zombie hits you.
The centaur zombie kicks you but does no damage.
You barely miss the mummy.
The mummy is severely damaged.
The centaur zombie barely misses you. You block the centaur zombie's attack.
The mummy completely misses you. The mummy hits you.
The centaur zombie closely misses you. The centaur zombie kicks you.
Okay, then.
You barely miss the mummy.
The mummy is severely damaged.
The centaur zombie hits you. The centaur zombie misses you.
The mummy enters a dispersal trap!
The mummy blinks! x2; You blink.
A mummy comes into view.
The mummy blinks!
The mummy completely misses you. The mummy hits you!
You die...

# ###########
#.#.#.#.#.#.###########
...^.^M..^..M.........##
^...§^..M....^M........#
.^.§....M^.....∩.∩.....#
^..§.^^@.....^.........#
.......M..§Z..........##
#.#.#.#.#§#§###########
# #########


You could see 6 mummies and a centaur zombie.

Vanquished Creatures
  Sigmund (D:2)
  A kobold brigand (Sewer)
  A scorpion (D:4)
  2 centaur zombies (Ossuary)
  A hound (D:3)
  Jessica (D:2)
  Terence (D:2)
  2 adders
  A gnoll (D:6)
  6 river rats (Sewer)
  An ufetubus (D:6)
  4 worms
  2 dart slugs
  2 orcs
  3 endoplasms
  2 giant cockroaches (D:1)
  8 goblins
  7 hobgoblins
  8 jackals
  12 kobolds
  2 quokkas
  9 ball pythons
  5 bats
  5 frilled lizards
  2 hobgoblin zombies (Ossuary)
  11 rats
100 creatures vanquished.

Notes
Turn   | Place    | Note
-------+----------+-------------------------------------------
     0 | D:1      | Heoruswealwe the Deep Elf Conjurer began the quest for the
                  | Orb.
     0 | D:1      | Reached XP level 1. HP: 10/10 MP: 6/6
   140 | D:1      | Reached XP level 2. HP: 15/15 MP: 5/8
   207 | D:1      | Learned a level 2 spell: Searing Ray
   350 | D:1      | Found a faded altar of an unknown god.
   485 | D:1      | Reached skill level 5 in Conjurations
   485 | D:1      | Reached XP level 3. HP: 19/19 MP: 1/10
   490 | D:1      | Learned a level 3 spell: Dazzling Flash
  1052 | D:2      | Noticed Sigmund
  1064 | D:2      | Noticed Terence
  1105 | D:2      | Killed Sigmund
  1106 | D:2      | Reached skill level 5 in Spellcasting
  1106 | D:2      | Reached XP level 4. HP: 11/24 MP: 4/13
  1106 | D:2      | Reached XP level 5. HP: 13/28 MP: 4/15
  1108 | D:2      | Killed Terence
  1242 | D:2      | Noticed Jessica
  1247 | D:2      | Killed Jessica
  1253 | D:2      | Learned a level 4 spell: Fulminant Prism
  1258 | D:2      | Learned a level 4 spell: Iskenderun's Mystic Blast
  1447 | D:2      | Found a glowing golden altar of the Shining One.
  1714 | D:3      | Reached XP level 6. HP: 32/32 MP: 10/17
  2563 | D:3      | You are sucked into a shaft and drop 3 floors!
  2577 | D:6      | Found a glowing drain.
  2599 | Sewer    | Entered a sewer
  2910 | Sewer    | Reached XP level 7. HP: 36/36 MP: 14/19
  3134 | D:6      | Found a sand-covered staircase.
  3148 | Ossuary  | Entered an ossuary
  3172 | Ossuary  | Slain by a mummy

Illustrated notes

Levels and vault maps discovered:
D:1:      tarquinn_simple_flora_water_d, layout_basic, basic_ecumenical_altar,
          grunt_decor_resistance, chequers_big_river, minmay_three_crescents
D:2:      layout_basic, basic_altar, uniq_terence, uniq_sigmund, uniq_jessica
D:3:      layout_basic
D:4:      mumra_celtic_spiral_tile, layout_cave_pools,
          chequers_serial_rivers_room_a
D:6:      layout_gridville, minmay_temple_entry_sparse_star,
          lightli_ossuary_entry_decrepit_ruins, cheibrodos_sewer_entry_drain,
          nicolae_shop_clearance
Ossuary:  ossuary_the_hunt_dpeg

Skill      XL: |  1  2  3  4  5  6 |
---------------+-------------------+-----
Spellcasting   | 4 5 6 7 |  7.8
Conjurations   | 5 6 7 |  7.4
Dodging        | |  2.4
Stealth        | |  2.4

Action                     |  1- 3 |  4- 6 |  7- 9 || total
---------------------------+-------+-------+-------++-------
  Melee: Unarmed           |    53 |       |       ||    53
         Halberd           |       |    47 |    18 ||    65
   Cast: Magic Dart        |    67 |    79 |    13 ||   159
         Searing Ray       |     5 |     6 |     3 ||    14
         Iskenderun's Myst |       |       |     1 ||     1
    Use: Potion            |     4 |       |     1 ||     5
         Scroll            |       |     6 |     1 ||     7
 Armour: Robe              |     9 |     7 |    13 ||    29
         Skin              |     3 |       |       ||     3
  Dodge: Dodged            |    15 |    19 |    32 ||    66
  Block: Other             |       |     4 |     8 ||    12
